 Dungeon Crawl Stone Soup version 0.17.0-22-g5edae84 (webtiles) character file.

388 Medar the Slasher (level 7, -1/52 HPs)
             Began as a Formicid Abyssal Knight on Nov 13, 2015.
             Was a Believer of Lugonu.
             Slain by an ogre
             ... wielding a +0 giant club
              (2 damage)
             ... on level 4 of the Dungeon.
             The game lasted 00:08:39 (2230 turns).

Medar the Slasher (Formicid Abyssal Knight)         Turns: 2230, Time: 00:08:40

Health: -1/52      AC:  9    Str: 18    XL:     7   Next: 7%
Magic:  8/8        EV:  7    Int: 12    God:    Lugonu [**....]
Gold:   125        SH:  0    Dex: 10    Spells: 0 memorised, 6 levels left

rFire  + . .     SeeInvis +     n - +4 quarterstaff (chaos)
rCold  + . .     Clarity  .     o - +0 chain mail (curse)
rNeg   . . .     SustAt   .     (no shield)
rPois  +         Gourm    .     (helmet unavailable)
rElec  +         Spirit   .     l - +0 cloak
rCorr  +         Warding  .     (no gloves)
rMut   .         Stasis   +     (no boots)
MR     .....                    (no amulet)
Stlth  ..........               (no ring)
                                k - ring of stealth

@: resistant, not resistant to hostile enchantments, extremely unstealthy
A: permanent stasis, dig shafts and tunnels, four strong arms, antennae 3
a: Dig, Shaft Self, Depart the Abyss, Bend Space, Renounce Religion


You were on level 4 of the Dungeon.
You worshipped Lugonu.
Lugonu was pleased with you.
You were not hungry.

You visited 1 branch of the dungeon, and saw 5 of its levels.
You visited the Abyss 1 time.

You collected 125 gold pieces.

Inventory:

Hand Weapons
 a - a +2 falchion
 n - a +4 quarterstaff of chaos (weapon)
Armour
 j - a +0 ring mail
 l - a +0 cloak (worn)
 o - a cursed +0 chain mail (worn)
 p - a +0 scale mail
Jewellery
 k - a ring of stealth (left hand)
Potions
 b - a potion of curing {@q1}
 g - a potion of haste
Comestibles
 c - 2 bread rations {@e1}
 f - a meat ration {@e2}


   Skills:
 - Level 3.2 Fighting
 + Level 7.0 Long Blades
 - Level 2.1 Armour
 - Level 0.8 Dodging
 - Level 2.1 Invocations


You had 6 spell levels left.
You didn't know any spells.

Dungeon Overview and Level Annotations

Branches:
Dungeon (5/15)
 Temple: D:4-7

Altars:
Cheibriados
Fedhas
Makhleb
Okawaru
Trog

Annotations:
D:3 Grinder


Innate Abilities, Weirdness & Mutations

You are under a permanent stasis effect.
You can dig through walls and to a lower floor.
Your four strong arms can wield two-handed weapons with a shield.
You have a pair of large antennae on your head (SInv).


Message History

The iguana bites you.
You closely miss the iguana.
The iguana is heavily wounded.
The iguana bites you.
You sock the iguana! You freeze the iguana.
You kill the iguana!
Lugonu accepts your kill.
Your Long Blades skill increases to level 7!
You have reached level 7!
You sock the ogre! You freeze the ogre.
The ogre is severely wounded.
The ogre barely misses you.
You sock the ogre!
The ogre is almost dead.
The ogre hits you with a giant club!
* * * LOW HITPOINT WARNING * * *
You closely miss the ogre.
The ogre is almost dead.
The ogre hits you with a giant club.
You die...

#......# ******* #...# #......#
*,,,,,* #.### #.#.##.# *,,,,,*
#.# #.#.##.# *,,,,,* #.# #,#.##.#
*,,,,,* #.# **####.# *,,,,,* #.#
≈≈≈≈*#.# **#.###* #.#### ***≈*###
#....###....#######
≈≈≈≈≈*****#*,**#@#####.......#
******,,,,..,,*#O# ###.#####.#**
≈≈**≈****##..###O###..........,*
*≈≈≈≈* **.........##.#...♣...#,*
********,.....#.#.##....♣.♣,..,*
≈≈≈≈≈*,,,.#..###.......♣.♣.♣,,,**
******,,,.....#l#.##O.♣.♣.♣.♣,,,,
,,,,,,***.#.,#..#.##.♣.♣._.♣.♣,**
,***,,,**.#...#.#.##..♣.♣.♣.♣.,**


You could see 2 ogres.

Vanquished Creatures
  Sigmund (D:2)
  Crazy Yiuf (D:2)
  An iguana (D:4)
  Terence (D:2)
  Robin (D:2)
  9 adders
  A worm (D:2)
  3 giant geckos (D:2)
  A ball python (D:1)
  9 bats
  6 hobgoblins
  4 jackals (D:1)
  A ball python skeleton (D:3)
  4 giant newts
  9 goblins
  5 kobolds
  A quokka (D:3)
  6 rats
64 creatures vanquished.

Notes
Turn   | Place    | Note
--------------------------------------------------------------
     0 | Abyss:1  | Medar the Formicid Abyssal Knight began the quest for the Orb.
     0 | Abyss:1  | Reached XP level 1. HP: 18/18 MP: 2/2
     5 | Abyss:1  | Noticed a large abomination
     6 | D:1      | Escaped the Abyss
   204 | D:1      | Reached XP level 2. HP: 24/24 MP: 3/3
   215 | D:1      | Reached * piety under Lugonu
   823 | D:2      | Reached XP level 3. HP: 27/29 MP: 4/4
   865 | D:2      | Noticed Terence
  1039 | D:2      | Reached skill level 4 in Long Blades
  1039 | D:2      | Reached XP level 4. HP: 14/35 MP: 5/5
  1067 | D:2      | Killed Terence
  1273 | D:2      | Noticed Sigmund
  1313 | D:2      | Killed Sigmund
  1313 | D:2      | Reached skill level 6 in Long Blades
  1313 | D:2      | Reached XP level 5. HP: 41/41 MP: 6/6
  1313 | D:2      | Reached XP level 6. HP: 47/47 MP: 7/7
  1403 | D:2      | Reached ** piety under Lugonu
  1481 | D:2      | Noticed Robin
  1580 | D:2      | Noticed Crazy Yiuf
  1587 | D:2      | Killed Crazy Yiuf
  1788 | D:2      | Killed Robin
  1952 | D:3      | Found a snail-covered altar of Cheibriados.
  1966 | D:3      | Found a blossoming altar of Fedhas.
  1969 | D:3      | Found a burning altar of Makhleb.
  1997 | D:3      | Found a bloodstained altar of Trog.
  2022 | D:3      | Noticed Grinder
  2032 | D:3      | You fall through a shaft for 2 floors!
  2032 | D:5      | Entered Level 5 of the Dungeon
  2175 | D:4      | Found an iron altar of Okawaru.
  2227 | D:4      | Reached skill level 7 in Long Blades
  2227 | D:4      | Reached XP level 7. HP: 16/52 MP: 8/8
  2229 | D:4      | HP: 1/52 [ogre/giant club (16)]
  2230 | D:4      | Slain by an ogre

Action                   |  1- 3 |  4- 6 |  7- 9 || total
-------------------------+-------+-------+-------++-------
Melee: Falchion          |   107 |   141 |       ||   248
       Quarterstaff      |       |     2 |     3 ||     5
Invok: Depart the Abyss  |     1 |       |       ||     1
 Abil: Dig               |     1 |     1 |       ||     2
       Shaft Self        |       |     1 |       ||     1
  Use: Scroll            |     1 |     6 |       ||     7
       Potion            |       |     5 |       ||     5
  Eat: Chunk             |     1 |     4 |       ||     5
